Map: Blackpink LE

Players

IbisBudget

  • Race: Terran Terran
  • Spawn Location: 7:00

A.I. 1 (Elite) - Winner!

  • Race: Protoss Protoss
  • Spawn Location: 1:00

VOD

Have the link to the VOD?

Description

Time

  • Played on: Feb. 15, 2018, 10:24 a.m.
  • Length: 18:35
Show
View Real Time Build Order
Export as new Build Order

IbisBudget Terran 

Build Orders: Cyclone Opening, Reaper Expand, Mech 

Get SALT Encoding   

  12  0:01  SCV  
  13  0:13  SCV  
  14  0:18  Supply Depot  
  14  0:25  SCV  
  14  0:28  Refinery  
  15  0:39  SCV  
  16  0:45  Barracks  
  16  0:51  SCV  
  17  1:04  SCV  
  18  1:16  SCV  
  19  1:31  Orbital Command  
  19  1:32  Reaper  
  20  1:49  Command Center  
  20  2:00  SCV  
  21  2:04  Factory  
  21  2:08  Refinery  
  21  2:13  SCV  
  22  2:16  Barracks Reactor  
  22  2:21  Supply Depot  
  22  2:25  SCV  
  23  2:43  SCV  
  24  2:55  SCV  
  25  2:59  Cyclone x2  
  25  3:02  Orbital Command  
  31  3:07  SCV  
  32  3:19  SCV  
  33  3:22  Supply Depot  
  33  3:29  SCV  
  33  3:31  SCV  
  38  3:34  Cyclone x2  
  41  3:42  SCV  
  41  3:43  SCV  
  43  3:54  SCV  
  44  3:55  SCV  
  44  3:56  Command Center  
  45  4:06  SCV, Supply Depot  
  45  4:08  SCV  
  45  4:09  Cyclone  
  50  4:12  Cyclone  
  53  4:18  SCV, Barracks Tech Lab  
  53  4:22  Refinery  
  53  4:24  Refinery  
  54  4:27  SCV  
  55  4:33  SCV, Supply Depot  
  56  4:39  SCV  
  56  4:44  Armory  
  56  4:45  SCV  
  58  4:52  SCV  
  59  4:54  Marine x2  
  59  4:55  Siege Tank  
  59  4:57  SCV  
  65  5:04  SCV  
  66  5:08  Orbital Command  
  66  5:09  SCV  
  66  5:14  Marine x2  
  67  5:16  SCV  
  71  5:21  SCV  
  71  5:28  SCV, Siege Tank  
  75  5:31  Factory  
  75  5:32  Factory  
  75  5:33  Marine x2  
  77  5:36  Orbital Command  
  77  5:39  SCV  
  77  5:40  SCV  
  79  5:47  Terran Vehicle And Ship Armor Level 1  
  79  5:51  SCV  
  79  5:52  SCV  
  79  5:55  Refinery x2  
  81  5:57  Bunker  
  81  6:01  SCV  
  81  6:03  SCV  
  83  6:08  Supply Depot  
  83  6:10  Supply Depot  
  83  6:12  SCV  
  83  6:13  SCV  
  83  6:15  Factory Tech Lab  
  85  6:28  Supply Depot  
  85  6:29  SCV x2  
  85  6:31  Siege Tank  
  85  6:32  Hellion x2  
  94  6:33  SCV  
  94  6:39  Siege Tank  
  98  6:41  Smart Servos  
  98  6:42  SCV x2, Infernal Pre-Igniter  
  100  6:49  SCV  
  101  6:59  SCV  
  101  7:00  SCV  
  103  7:04  SCV, Starport x2, Supply Depot x2  
  103  7:05  Engineering Bay, Starport  
  104  7:11  SCV  
  104  7:12  SCV, Supply Depot  
  104  7:13  Supply Depot  
  106  7:16  SCV  
  107  7:24  SCV, Supply Depot  
  107  7:25  Siege Tank x2  
  107  7:26  Hellion x2  
  107  7:27  Supply Depot  
  118  7:31  SCV x2  
  120  7:40  Command Center  
  120  7:44  Missile Turret  
  120  7:45  Missile Turret  
  120  7:47  Starport Tech Lab x3  
  120  7:49  Fusion Core  
  120  7:51  Terran Vehicle And Ship Armor Level 2  
  120  7:53  Supply Depot x2  
  120  7:57  Liberator x3, Missile Turret  
  120  8:00  Missile Turret  
  120  8:02  Missile Turret  
  120  8:12  Missile Turret  
  120  8:16  Siege Tank  
  120  8:17  Siege Tank  
  120  8:18  Missile Turret  
  135  8:57  Battlecruiser x2  
  135  8:58  Hellion x4  
  135  9:02  Refinery  
  155  9:05  Refinery  
  147  9:10  SCV  
  147  9:11  SCV  
  147  9:14  Battlecruiser  
  147  9:15  Weapon Refit  
  155  9:20  Planetary Fortress  
  155  9:23  Hellion x4  
  163  9:27  SCV  
  163  9:28  SCV x2  
  166  9:34  Sensor Tower  
  166  9:37  Missile Turret  
  166  9:44  Hellion  
  168  9:46  Command Center  
  168  10:08  Battlecruiser x2  
  168  10:09  Terran Vehicle And Ship Armor Level 3  
  166  10:35  Battlecruiser  
  172  10:36  Hellion x4  
  172  10:40  Supply Depot  
  180  10:47  Command Center  
  180  11:01  Command Center  
  180  11:12  Battlecruiser  
  180  11:13  Command Center  
  186  11:22  Supply Depot x2  
  186  11:23  Missile Turret x2, Supply Depot x2  
  186  11:26  Starport x2  
  186  11:43  Battlecruiser x2  
  198  12:11  Starport Tech Lab  
  198  12:12  Starport Tech Lab  
  198  12:24  Planetary Fortress  
  198  12:34  Orbital Command  
  198  12:35  Command Center  
  198  12:48  Planetary Fortress  
  198  13:08  Terran Ship Weapons Level 1  
  192  13:21  Battlecruiser  
  198  13:32  Command Center  
  198  13:33  Refinery  
  192  13:37  Refinery  
  191  13:52  Battlecruiser  
  186  14:11  Battlecruiser x2  
  196  14:23  Sensor Tower  
  196  14:26  Missile Turret  
  196  14:29  Missile Turret  
  196  14:35  Command Center  
  196  14:39  Planetary Fortress  
  196  15:06  Battlecruiser  
  196  15:08  Planetary Fortress  
  196  15:20  Command Center  
  196  15:33  Terran Ship Weapons Level 2  
  195  16:01  Battlecruiser  
  198  16:29  Command Center  
  198  17:09  Missile Turret  
  198  17:12  Missile Turret  
  198  17:14  Missile Turret  
  198  17:20  Refinery  
  198  17:21  Planetary Fortress, Sensor Tower  
  198  17:25  Refinery  
Show
View Real Time Build Order
Export as new Build Order

A.I. 1 (Elite) Protoss - Winner!

Build Orders: Colossus Rush 

Get SALT Encoding   

  12  0:00  Probe  
  13  0:13  Probe  
  14  0:20  Pylon  
  14  0:25  Probe  
  15  0:38  Probe  
  16  0:48  Assimilator  
  16  0:50  Probe  
  16  0:51  Gateway  
  17  1:00  Pylon  
  17  1:02  Probe  
  18  1:14  Probe  
  19  1:26  Probe  
  20  1:38  Probe  
  20  1:39  Gateway  
  21  1:40  Zealot  
  21  1:41  Cybernetics Core  
  23  1:50  Probe  
  23  1:51  Pylon  
  24  2:03  Probe  
  24  2:07  Zealot  
  27  2:15  Probe, Assimilator  
  28  2:19  Warp Gate  
  28  2:25  Adept  
  28  2:27  Probe  
  31  2:34  Adept  
  33  2:39  Probe, Pylon  
  35  2:51  Probe  
  35  2:52  Adept  
  37  3:01  Sentry  
  37  3:03  Probe  
  40  3:15  Probe  
  40  3:18  Nexus  
  41  3:27  Probe  
  41  3:28  Stalker  
  44  3:39  Probe  
  45  3:47  Robotics Facility  
  45  3:51  Probe  
  46  4:04  Probe  
  46  4:06  Pylon  
  47  4:24  Probe, Adept  
  50  4:30  Probe, Adept  
  53  4:36  Probe  
  54  4:42  Probe  
  54  4:44  Adept  
  57  4:48  Probe  
  57  4:49  Robotics Bay  
  57  4:52  Observer  
  59  4:54  Probe  
  60  5:00  Probe  
  60  5:02  Robotics Facility  
  60  5:06  Probe  
  62  5:09  Pylon  
  62  5:10  Stalker  
  62  5:12  Probe  
  65  5:15  Stalker  
  65  5:18  Probe  
  65  5:21  Pylon  
  68  5:24  Probe  
  69  5:30  Probe  
  70  5:38  Colossus  
  76  5:45  Stalker, Probe  
  76  5:47  Pylon  
  79  5:50  Probe  
  80  5:58  Twilight Council  
  80  6:00  Assimilator  
  80  6:03  Gateway  
  80  6:04  Assimilator  
  80  6:11  Pylon  
  80  6:16  Zealot  
  82  6:22  Probe  
  82  6:23  Probe  
  84  6:34  Probe  
  84  6:35  Probe  
  84  6:39  Templar Archives  
  86  6:44  Nexus, Pylon  
  86  6:45  Forge  
  86  6:46  Probe  
  87  6:55  Forge  
  87  7:05  Stalker  
  89  7:09  Stalker  
  89  7:14  Stalker  
  93  7:20  Pylon  
  93  7:24  Pylon  
  93  7:26  Protoss Ground Weapons Level 1  
  93  7:28  Sentry  
  95  7:30  Gateway  
  95  7:32  Stalker  
  97  7:37  High Templar  
  99  7:44  Photon Cannon  
  99  7:46  Pylon  
  99  7:47  Protoss Ground Armor Level 1  
  99  7:51  High Templar  
  101  7:56  Stalker, Probe x2  
  101  7:57  Probe  
  106  8:04  Archon  
  106  8:08  Probe, Assimilator  
  106  8:09  Probe x2, Zealot  
  106  8:11  Photon Cannon, Pylon  
  111  8:15  Assimilator  
  111  8:19  High Templar  
  113  8:20  Probe  
  113  8:21  Probe  
  113  8:22  Probe  
  113  8:23  Zealot  
  113  8:24  Zealot  
  120  8:29  High Templar  
  120  8:32  Probe  
  120  8:33  Probe  
  124  8:34  Probe  
  124  8:41  Psionic Storm  
  124  8:43  Stalker  
  124  8:44  Probe  
  124  8:45  Probe, Zealot  
  124  8:46  Probe  
  124  8:47  Archon  
  131  8:51  Zealot  
  133  8:56  Probe  
  133  8:57  Probe  
  133  8:59  Probe  
  133  9:01  Pylon  
  133  9:02  High Templar  
  133  9:05  Stalker  
  133  9:09  Probe x2, High Templar  
  130  9:11  Probe  
  130  9:12  Stalker  
  133  9:20  Immortal  
  133  9:21  Probe x2  
  133  9:23  Probe  
  140  9:26  Archon  
  140  9:30  High Templar  
  142  9:33  Probe  
  142  9:34  Probe  
  142  9:35  Probe  
  142  9:36  Pylon  
  145  9:39  High Templar  
  152  9:45  Probe, Immortal  
  152  9:46  Probe  
  152  9:47  Probe  
  152  9:51  Sentry  
  156  9:57  Probe  
  156  9:58  Probe  
  156  9:59  Probe, Pylon  
  158  10:00  Protoss Ground Weapons Level 2  
  158  10:07  Charge  
  158  10:09  Probe  
  158  10:12  Stalker  
  158  10:14  Stalker  
  159  10:15  Nexus  
  159  10:17  Photon Cannon, Zealot x2  
  131  10:35  Stalker  
  103  10:37  Stalker, Zealot x2  
  107  10:48  Immortal  
  111  10:54  Photon Cannon  
  111  10:55  Pylon  
  111  10:57  Stalker, Zealot  
  113  10:58  Zealot  
  113  11:00  Zealot  
  119  11:09  Immortal  
  123  11:17  Adept  
  123  11:18  Stalker  
  127  11:20  Stalker, Zealot  
  131  11:27  Warp Prism  
  131  11:30  Photon Cannon  
  133  11:33  Photon Cannon  
  133  11:37  Stalker  
  133  11:39  Pylon  
  135  11:40  Zealot  
  135  11:41  Stalker  
  135  11:43  High Templar  
  141  11:47  Blink  
  141  11:48  Observer  
  141  11:49  Archon  
  142  11:57  Photon Cannon  
  142  11:59  Adept  
  142  12:00  Zealot  
  146  12:03  Zealot, Observer  
  145  12:09  Warp Prism  
  145  12:15  Sentry  
  149  12:19  Stalker  
  149  12:20  Stalker  
  149  12:22  Assimilator  
  153  12:23  Protoss Ground Armor Level 2  
  153  12:24  Zealot  
  153  12:25  Stargate  
  155  12:30  Pylon  
  155  12:31  Assimilator  
  155  12:38  Sentry  
  155  12:42  High Templar  
  155  12:43  Zealot  
  155  12:44  Zealot  
  163  12:51  Photon Cannon  
  163  12:55  Photon Cannon  
  163  12:58  Photon Cannon  
  163  13:01  High Templar  
  163  13:02  Photon Cannon  
  163  13:03  Adept  
  163  13:04  Stalker  
  169  13:08  Phoenix  
  169  13:12  Stargate  
  171  13:14  Fleet Beacon  
  171  13:15  Zealot  
  171  13:23  Zealot  
  173  13:27  Zealot  
  173  13:33  Void Ray  
  179  13:45  Protoss Ground Weapons Level 3  
  179  13:48  Probe x3  
  178  13:49  Probe  
  178  13:55  Void Ray  
  165  14:00  Probe x2  
  165  14:01  Probe x2  
  160  14:12  Probe x2  
  160  14:13  Probe x2  
  160  14:16  Void Ray  
  168  14:24  Probe  
  168  14:26  Probe x2  
  168  14:27  Probe  
  172  14:36  Probe  
  172  14:37  Stargate  
  172  14:38  Probe, Phoenix  
  174  14:40  Probe  
  174  14:41  Probe  
  178  14:48  Probe  
  178  14:50  Probe  
  178  14:52  Probe  
  173  14:53  Probe  
  173  14:55  Warp Prism x2  
  173  14:59  Void Ray  
  168  15:00  Probe  
  168  15:02  Probe  
  168  15:03  Phoenix  
  168  15:04  Probe  
  168  15:05  Probe  
  164  15:12  Probe  
  165  15:14  Probe  
  165  15:16  Probe  
  165  15:20  Phoenix  
  169  15:28  Void Ray  
  173  15:31  Immortal  
  177  15:42  Void Ray  
  181  15:45  Void Ray  
  181  15:59  Immortal  
  169  16:10  Immortal  
  169  16:11  Void Ray  
  171  16:25  Phoenix  
  173  16:28  Void Ray  
  173  16:29  Protoss Shields Level 1  
  177  16:49  Void Ray  
  177  16:53  Tempest  
  187  17:03  Void Ray  
  187  17:04  Void Ray  
  187  17:11  Void Ray  
  191  17:26  Nexus  
  191  17:32  Void Ray  
  191  17:36  Void Ray  
  199  17:42  Photon Cannon  
  199  17:44  Immortal  
  179  17:45  Immortal  
  139  18:02  Zealot  
  139  18:05  Zealot  
  119  18:07  Zealot  
  119  18:11  Zealot  
  101  18:14  Pylon  
  93  18:22  Zealot  
  93  18:25  Zealot  
  91  18:28  Zealot  
  91  18:31  Zealot  
Tags
 
Add a new tag
Caveats
  • Supply blocks, unpowered buildings, or Contaminate may cause inaccurate times.
  • Supply counts are checked every 10 seconds.